 Dungeon Crawl Stone Soup version 0.28-a0-793-g31680bbd8b (webtiles) character file.

Game seed: 13779391123912012807

253 gimp the Skirmisher (level 6, -1/56 HPs)
             Began as a Ghoul Artificer on Nov 4, 2021.
             Slain by an orc warrior (11 damage)
             ... on level 6 of the Dungeon.
             The game lasted 00:05:45 (4325 turns).

gimp the Skirmisher (Ghoul Artificer)               Turns: 4325, Time: 00:05:46

Health: -1/56      AC:  9    Str: 17    XL:     6   Next: 14%
Magic:  5/5        EV: 10    Int:  6    God:
Gold:   108        SH:  0    Dex: 10    Spells: 5/5 levels left

rFire   + . .      SeeInvis +   b - +0 whip
rCold   + + .      Faith    .   (no shield)
rNeg    + + +      Spirit   .   j - +0 ring mail
rPois   ∞          Reflect  .   o - +0 helmet
rElec   +          Harm     .   (no cloak)
rCorr   +          Rampage  .   (no gloves)
Will    .....                   r - +2 pair of boots
Stlth   +.........              (no amulet)
HPRegen 0.00/turn               l - ring of see invisible
MPRegen 0.09/turn               (no ring)

@: resistant, inhibited regen
A: claws 1, cold resistance 1, negative energy resistance 3, inhibited
regeneration, torment resistance 2
a: no special abilities


You were on level 6 of the Dungeon.
You visited 1 branch of the dungeon, and saw 4 of its levels.

You collected 108 gold pieces.

Inventory:

Hand Weapons
 a - a +0 war axe
 b - a +0 whip (weapon)
Missiles
 n - 108 arrows
Armour
 j - a +0 ring mail (worn)
 o - a +0 helmet (worn)
 r - a +2 pair of boots (worn)
Jewellery
 l - a ring of see invisible (left claw)
Wands
 c - a wand of flame (1) (quivered)
 d - a wand of charming (12)
Scrolls
 g - a scroll of enchant weapon {unknown}
 h - 3 scrolls of identify {unknown}
 i - a scroll of blinking {unknown}
 k - a scroll of holy word {unknown}
 p - 2 scrolls of teleportation {unknown}
 q - a scroll of amnesia {unknown}
Potions
 m - a potion of might {unknown}
Miscellaneous
 e - a piece from Xom's chessboard (15/15)


   Skills:
 - Level 5.0 Fighting
 * Level 3.2 Axes
 - Level 1.7 Armour
 - Level 0.8 Dodging
 - Level 1.1 Stealth
 - Level 2.6 Evocations


You had 5 spell levels left.
You didn't know any spells.
Your spell library was empty.

Dungeon Overview and Level Annotations

Branches:
Dungeon (3/15)

Altars:
Dithmenos

Annotations:
D:2 Sigmund


Innate Abilities, Weirdness & Mutations

You thrive by killing the living.
You are immune to poison.
You have sharp fingernails.
Your flesh is cold resistant. (rC+)
You are immune to negative energy. (rN+++)
You do not regenerate when monsters are visible.
You are immune to unholy pain and torment.


Message History

The orc wizard hits you but does no damage.
You hit the orc wizard.
The orc wizard is moderately wounded.
The orc wizard casts a spell at you. The magic dart hits you!
You take 7 damage, and have 36/56 hp.
You barely miss the orc wizard.
The orc wizard is moderately wounded.
The orc wizard gestures at you while chanting.
You are confused.
Unknown command.
The orc wizard gestures at you while chanting.
The puff of flame hits you.
You take 4 damage, and have 32/56 hp.
The orc wizard closely misses your orc warrior.
The orc wizard barely misses you.
The orc wizard hits your orc warrior but does no damage.
The orc wizard hits you but does no damage.
The orc wizard barely misses your orc warrior.
You feel less confused.
The orc wizard closely misses your orc warrior.
Press: ? - help, v - describe, . - travel
Here: an orc wizard, wielding a +0 dagger and wearing a +0 robe (slightly transparent)
The floor.
The orc warrior is no longer charmed.
The orc warrior hits you with a +0 glaive.
You take 5 damage, and have 27/56 hp.
The orc warrior barely misses you.
You barely miss the orc wizard.
The orc wizard is moderately wounded.
The orc warrior hits you from afar with a +0 glaive!
* * * LOW HITPOINT WARNING * * *
The orc wizard gestures at you while chanting.
You resist with some effort.
You take 17 damage, and have 10/56 hp.
MASSIVE DAMAGE!!
Okay, then.
It was a potion of resistance.
You feel protected.
The orc warrior hits you from afar with a +0 glaive!
You die...

#.## #..###..
#..###..# ##.
###..##..## #.
#.........#####
##.###.......##
#.# #........#
#### #...P.≈.≈.
####.# ##.#..#≈.≈#
#@##.# #..##P.≈.≈.
##oo.###..##P.≈.≈.
###.....###.#≈.≈#
###...###PP≈.≈.
##...##.P≈.≈P
##.....#≈.≈#
#..##..P≈.≈P
##..##..P≈.≈.
#####..###..#≈.≈#


You could see an orc warrior and an orc wizard (invisible).

Vanquished Creatures
  An ogre (D:3)
  A jelly (D:6)
  A centaur skeleton (D:3)
  An iguana (D:2)
  An adder (D:2)
  A worm (D:2)
  2 dart slugs
  8 ball pythons
  9 endoplasms
  2 giant cockroaches
  5 goblins
  6 hobgoblins
  7 jackals (D:1)
  A quokka (D:1)
  4 bats
  2 frilled lizards (D:1)
  8 kobolds
  4 rats
64 creatures vanquished.

Notes
Turn   | Place    | Note
-------+----------+-------------------------------------------
     0 | D:1      | gimp the Ghoul Artificer began the quest for the Orb.
     0 | D:1      | Reached XP level 1. HP: 16/16 MP: 0/0
   321 | D:1      | Reached skill level 2 in Fighting
   360 | D:1      | Reached XP level 2. HP: 22/24 MP: 1/1
   737 | D:1      | Reached skill level 3 in Fighting
   916 | D:1      | Reached XP level 3. HP: 8/31 MP: 2/2
  2021 | D:1      | Found a faded altar of an unknown god.
  2148 | D:2      | Reached skill level 4 in Fighting
  2729 | D:2      | Reached XP level 4. HP: 36/40 MP: 3/3
  3148 | D:2      | Reached skill level 1 in Axes
  3391 | D:2      | Noticed Sigmund
  3529 | D:3      | Found a shadowy altar of Dithmenos.
  3573 | D:3      | Noticed an ogre
  3583 | D:3      | Killed an ogre
  3584 | D:3      | Reached XP level 5. HP: 30/47 MP: 4/4
  3907 | D:3      | Reached XP level 6. HP: 55/55 MP: 5/5
  3935 | D:3      | You fall into a shaft and drop 3 floors!
  3972 | D:6      | Reached skill level 5 in Fighting
  4275 | D:6      | Noticed an orc warrior
  4325 | D:6      | Slain by an orc warrior

Illustrated notes

Levels and vault maps discovered:
D:1:      minmay_arrival_stone_box, layout_loops_corners,
          shapermc_ecumenical_altar_mp_vishouse
D:2:      layout_loops_corners, minmay_tall_x, uniq_sigmund
D:3:      layout_basic, lemuel_crystal_altar, kennysheep_generic_room_4,
          uniq_robin, uniq_jessica, uniq_grinder
D:6:      layout_layer_cave, nicolae_elyvilon_temple_path

Skill      XL: |  1  2  3  4  5  6 |
---------------+-------------------+-----
Fighting       | 2 3 4 5 |  5.0
Axes           | 2 3 |  3.2
Armour         | |  1.7
Dodging        | |  0.8
Stealth        | |  1.1
Evocations     | |  2.6

Action                   |  1- 3 |  4- 6 || total
-------------------------+-------+-------++-------
Melee: Club              |   127 |       ||   127
       Whip              |    60 |   128 ||   188
Evoke: Wand              |     4 |    13 ||    17
       Piece from Xom's  |       |     6 ||     6
  Use: Potion            |       |     1 ||     1
 Stab: Sleeping          |     1 |       ||     1
Armor: Leather armour    |    65 |       ||    65
       Ring mail         |     7 |    47 ||    54
Dodge: Dodged            |   139 |    78 ||   217

Table legend: (Time is in decaauts)
 A = Elapsed time spent in this place.
 B = Non-inter-level travel time spent in this place.
 C = Inter-level travel time spent in this place.
 D = Time resting spent in this place.
 E = Time spent auto-exploring this place.
 F = Levels seen in this place.
 G = Mean time per level.
                   A        B        C        D        E       F      G
               +--------+--------+--------+--------+--------+-----+--------+
         Total |   4377 |   4149 |    228 |    147 |   3250 |   4 | 1094.2 |
       Dungeon |   4377 |   4149 |    228 |    147 |   3250 |   4 | 1094.2 |
               +--------+--------+--------+--------+--------+-----+--------+

Top non-repeatable levels by time:
     D:1: 2238 daAuts
     D:2: 1303 daAuts
     D:3: 446 daAuts
     D:6: 390 daAuts
